 Dungeon Crawl Stone Soup version 0.22-a0-280-g69bf1f3 (console) character file.

248222 Duffy the Ruinous (level 19, 107/107 HPs)
             Began as a Deep Elf Fire Elementalist on Mar 16, 2018.
             Was an Elder of Vehumet.
             Quit the game on level 1 of the Vaults.
             The game lasted 01:38:56 (45318 turns).

Duffy the Ruinous (Deep Elf Fire Elementalist)     Turns: 45318, Time: 01:38:56

Health: 107/107    AC: 13    Str:  5      XL:     19   Next: 24%
Magic:  39/54      EV: 28    Int: 23 (29) God:    Vehumet [****..]
Gold:   3416       SH:  5    Dex: 18      Spells: 7/59 levels left

rFire    + . .     SeeInvis .   b - staff of energy
rCold    + . .     Gourm    .   Q - +0 buckler
rNeg     + . .     Faith    .   n - +2 robe {Archmagi}
rPois    .         Spirit   .   z - +0 helmet
rElec    +         Reflect  .   B - +1 cloak of Starlight {rElec rC+ EV+4 Stlth--}
rCorr    .         Harm     .   U - +1 pair of gloves {Dex+3}
MR       ++...                  C - +3 pair of boots of Knowledge {rF+ rN+ MR+}
Stlth    ..........             u - amulet of magic regeneration
HPRegen  0.27/turn              W - ring of magical power
MPRegen  0.59/turn              y - ring of Phasing {EV+8}

@: deflect missiles
A: no striking features
}: 1/15 runes: slimy
a: Renounce Religion


You were on level 1 of the Vaults.
You worshipped Vehumet.
Vehumet was greatly pleased with you.
You were full.

You visited 8 branches of the dungeon, and saw 34 of its levels.
You also visited: Labyrinth and Bailey.

You collected 5068 gold pieces.
You spent 1652 gold pieces at shops.

Inventory:

Hand Weapons
 Y - the +2 rapier of Cowardice {protect, rPois rF+ MR+}
   (You took it off a deep elf high priest on level 3 of the Elven Halls)

   It protects the one who uses it against injury (+AC on strike).
   It protects you from fire.
   It protects you from poison.
   It affects your resistance to hostile enchantments.
Armour
 n - a +2 robe of the Archmagi (worn)
 z - a +0 helmet (worn)
 B - the +1 cloak of Starlight (worn) {rElec rC+ EV+4 Stlth--}
   (You found it on level 3 of the Elven Halls)

   It affects your evasion (+4).
   It protects you from cold.
   It insulates you from electricity.
   It makes you much less stealthy.
 C - the +3 pair of boots of Knowledge (worn) {rF+ rN+ MR+}
   (You found it on level 3 of the Elven Halls)

   It protects you from fire.
   It protects you from negative energy.
   It affects your resistance to hostile enchantments.
 Q - a +0 buckler (worn)
 U - a +1 pair of gloves of dexterity (worn)
Magical Staves
 b - an uncursed staff of energy (weapon)
Jewellery
 h - an uncursed ring of resist corrosion
 i - the brooch of Shielding {Reflect SH+8}
   (You found it in a labyrinth)

   [amulet of reflection]

   It shields you and reflects attacks.
   It affects your SH (+8).
 u - an amulet of magic regeneration (around neck)
 v - an uncursed ring of protection from fire
 y - the ring of Phasing (right hand) {EV+8}
   (You found it on level 4 of the Dungeon)

   [ring of evasion]

   It affects your evasion (+8).
 L - an uncursed ring of poison resistance
 O - an uncursed ring of protection from cold
 P - the amulet of the Four Winds {rN+ MR+++ Clar}
   (You bought it in a shop on level 6 of the Dungeon)

   [amulet of nothing]

   It protects you from negative energy.
   It affects your resistance to hostile enchantments.
   It protects you against confusion.
 R - an uncursed ring of positive energy
 W - a ring of magical power (left hand)
Wands
 G - a wand of acid (19)
 J - a wand of iceblast (13)
 X - a wand of paralysis (46)
Scrolls
 d - 18 scrolls of teleportation
 e - 7 scrolls of amnesia
 f - 14 scrolls of remove curse
 k - 7 scrolls of fear
 q - 5 scrolls of magic mapping
 r - 7 scrolls of blinking
 s - 8 scrolls of fog
 w - 3 scrolls of immolation
 x - 5 scrolls of enchant armour
 M - 2 scrolls of vulnerability {unknown}
 S - a scroll of summoning {unknown}
Potions
 g - 3 potions of brilliance
 m - 3 potions of haste
 p - 5 potions of heal wounds
 t - 5 potions of mutation
 A - a potion of resistance {unknown}
 D - 8 potions of curing
 E - 5 potions of agility
 H - 6 potions of ambrosia
 I - a potion of flight
 T - 2 potions of invisibility
 Z - a potion of cancellation
Miscellaneous
 a - a box of beasts
 N - 3 sacks of spiders
Comestibles
 c - 36 rations


   Skills:
 - Level 8.0 Fighting
 - Level 6.0 Dodging
 - Level 2.4 Stealth
 - Level 4.0 Shields
 + Level 20.6 Spellcasting
 + Level 21.3 Conjurations
 - Level 7.0 Charms
 - Level 5.2 Necromancy
 - Level 2.0 Translocations
 + Level 18.2 Fire Magic
 - Level 5.0 Air Magic
 - Level 3.2 Earth Magic
 - Level 6.0 Evocations


You had 7 spell levels left.
You knew the following spells:

 Your Spells              Type           Power        Failure   Level  Hunger
a - Lehudib's Crystal Sp  Conj/Erth      #######...   21%         8    None
b - Sublimation of Blood  Necr           ######....   1%          2    None
h - Bolt of Fire          Conj/Fire      ########..   1%          6    None
i - Ignition              Fire           ########..   1%          8    None
j - Iron Shot             Conj/Erth      #######...   1%          6    None
k - Fireball              Conj/Fire      ########..   0%          5    None
l - Fire Storm            Conj/Fire      ########..   11%         9    None
m - Deflect Missiles      Chrm/Air       ######....   24%         6    None
B - Blink                 Tloc           N/A          1%          2    None


Dungeon Overview and Level Annotations

Branches:
Dungeon (15/15)            Temple (1/1) D:6            Lair (6/6) D:9
 Shoals (0/4) Lair:2       Spider (1/4) Lair:2        Slime (5/5) Lair:5
    Orc (2/2) D:9             Elf (3/3) Orc:2        Vaults (1/5) D:13
 Depths (0/5) D:15

Altars:
Ashenzari
Cheibriados
Dithmenos
Elyvilon
Fedhas
Gozag
Hepliaklqana
Kikubaaqudgha
Makhleb
Nemelex Xobeh
Okawaru
Qazlal
Ru
Sif Muna
Trog
Uskayaw
Vehumet
Wu Jian
Xom
Yredelemnul
Zin
The Shining One
Beogh
Jiyva

Shops:
D:6 =   D:10 :*?*%   Orc:2 %%!:   Elf:1 *

Annotations:
D:14 8 runed doors
Elf:2 4 runed doors, exclusion: 4 doors


Message History

The red very ugly thing resists.
The red very ugly thing is lightly wounded.
The fireball engulfs the red ugly thing.
The red ugly thing resists.
The red ugly thing is heavily wounded.
The fireball engulfs the red very ugly thing.
The red very ugly thing resists.
The red very ugly thing is lightly wounded.
The fireball engulfs the red ugly thing.
The red ugly thing resists.
The red ugly thing is severely wounded.
The fireball engulfs the red very ugly thing.
The red very ugly thing resists.
The red very ugly thing is lightly wounded.
You hear a shout!
You hear a horrible gurgling sound!
The orb spider begins to weave its threads into a brightly glowing ball.
A red ugly thing comes into view.
Cast which spell? (? or * to list)
Okay, then.
Are you sure you want to abandon this character and quit the game? (Confirm with "yes".)

####. s.#. #
#.#. .. #...
#.#...
#..o..########
u#...>.#......#
uu.u...@......#
########......#
#.'..\...#
#.#......#
#.#......#
#.#......#
#.#......#
#.#......#
#.#......#


You could see 2 very ugly things, an orc knight, 2 ugly things and an orb
spider.

Vanquished Creatures
  the Royal Jelly (Slime:5)
  Jorgrun (Elf:2)
  4 deep elf blademasters (Elf:3)
  Asterion (Elf:3)
  2 deep elf master archers (Elf:3)
  19 acid blobs
  Kirke (Spider:1)
  Roxanne (D:14)
  16 azure jellies
  6 deep elf sorcerers (Elf:3)
  3 deep elf elementalists (Elf:3)
  8 deep elf demonologists (Elf:3)
  A minotaur (Lab)
  5 deep elf annihilators (Elf:3)
  The ghost of Salmacis the Cleaver, a journeyman HOFi of Makhleb (D:11)
  3 deep elf death magi
  9 death oozes
  The ghost of tidbits the Martial Artist, a journeyman GnTm of Cheibriados (Orc:2)
  2 ettins
  6 great orbs of eyes
  An ogre mage (D:15)
  2 vault guards (D:13)
  The ghost of Vesto the Fighter, a journeyman GrFi of Okawaru (D:12)
  6 deep elf high priests (Elf:3)
  An ice dragon (Lair:6)
  12 hydras
  Erolcha (D:12)
  A catoblepas (D:14)
  A two-headed ogre (shapeshifter) (Elf:2)
  5 two-headed ogres
  3 centaur warriors (D:14)
  The ghost of Duffy the Thaumaturge, a journeyman DEFE of Cheibriados (D:11)
  18 dancing weapons
  A death knight (D:15)
  3 death yaks (Lair:3)
  2 tengu warriors (D:15)
  3 orc high priests (Orc:2)
  Urug (D:14)
  10 deep elf knights
  A fire crab (D:14)
  A sea snake (shapeshifter) (Elf:3)
  2 unseen horrors
  3 wizards
  A phantasmal warrior (D:15)
  Pikel (D:4)
  11 deep elf archers
  4 necromancers (Elf:1)
  2 lindwurms (Lair:6)
  7 orc knights
  A wolf spider zombie (D:14)
  4 orange crystal statues (D:12)
  4 oklob plants (Lair:1)
  9 wolf spiders
  7 ugly things
  3 shining eyes
  5 orb spiders (Spider:1)
  2 salamanders (shapeshifter)
  9 orc sorcerers
  43 deep elf magi
  2 cyclopes (D:14)
  3 manticores
  8 black mambas
  6 elephants (Lair:3)
  5 eyes of devastation
  A merfolk siren (Lair:2)
  16 spiny frogs
  A guardian serpent (Lair:6)
  2 gargoyles (D:14)
  5 torpor snails (Lair:6)
  3 rime drakes
  6 komodo dragons
  An efreet (D:14)
  A yaktaur (shapeshifter) (D:14)
  2 freezing wraiths (D:15)
  A demonic crawler (Spider:1)
  11 trolls
  7 jumping spiders (Spider:1)
  13 hornets
  2 polar bears
  3 tyrant leeches (Lair:6)
  11 blink frogs
  Prince Ribbit (D:5)
  11 hippogriffs
  62 slime creatures
  8 dream sheep
  31 redbacks
  A shadow (D:12)
  2 water elementals (Elf:3)
  8 tarantellas (Spider:1)
  2 basilisks (Lab)
  2 wraiths (D:13)
  3 hogs (Spider:1)
  19 humans (D:13)
  8 large abominations
  10 wyverns
  Eustachio (D:5)
  44 yaks
  A yak (shapeshifter) (Elf:3)
  4 fire elementals
  6 golden eyes (Slime:4)
  8 vampire mosquitoes
  3 hungry ghosts
  Grum (D:9)
  3 wargs
  Edmund (D:5)
  27 water moccasins
  A floating eye (Slime:5)
  12 porcupines
  26 orc warriors
  5 phantoms
  An eye of draining (shapeshifter) (D:15)
  5 black bears
  4 ice beasts
  2 sky beasts
  A necrophage (D:9)
  9 ogres
  3 eyes of draining
  21 centaurs
  12 wolves
  15 crocodiles
  5 big kobolds
  24 bullfrogs
  2 elf zombies (Elf:1)
  2 earth elementals
  A wyvern skeleton (D:10)
  5 scorpions
  A killer bee (Lair:3)
  5 wights (D:13)
  11 howler monkeys
  2 centaur zombies
  7 bullfrog zombies
  9 crimson imps
  2 quasits
  7 small abominations (D:9)
  4 hounds
  3 jellies
  4 centaur skeletons
  16 orc priests
  26 orc wizards
  Ijyb (D:3)
  2 iguanas
  12 worker ants
  A killer bee zombie (D:6)
  A hound skeleton (D:5)
  3 worker ant zombies
  4 howler monkey skeletons
  14 adders
  12 gnolls
  4 shadow imps
  An ooze (D:1)
  An adder zombie (D:8)
  2 adder skeletons
  3 worms
  2 dart slugs
  3 leopard geckos
  84 orcs
  6 giant cockroaches
  18 goblins
  10 hobgoblins
  3 jackals
  6 quokkas
  2 ball pythons
  12 bats
  7 frilled lizards
  17 kobolds
  7 rats
  A bush (Lair:2)
  7 fungi
  6 plants
1166 creatures vanquished.

Vanquished Creatures (others)
  A cyclops (D:14)
  A human (D:13)
  A hound (D:6)
  2 orc priests
  An orc wizard (Orc:2)
  A worker ant (D:14)
  2 adders
  An orc (Orc:2)
  A jackal (D:6)
  A quokka (D:6)
  A quokka zombie (D:6)
  A bush (Lair:2)
  30 fungi
  21 plants
65 creatures vanquished.

Grand Total: 1231 creatures vanquished

Notes
Turn   | Place    | Note
-------+----------+-------------------------------------------
     0 | D:1      | Duffy the Deep Elf Fire Elementalist began the quest for the Orb.
     0 | D:1      | Reached XP level 1. HP: 10/10 MP: 6/6
   160 | D:1      | Reached skill level 2 in Conjurations
   227 | D:1      | Reached XP level 2. HP: 15/15 MP: 5/8
   231 | D:1      | Learned a level 2 spell: Throw Flame
   515 | D:1      | Reached skill level 3 in Conjurations
   718 | D:1      | Reached XP level 3. HP: 19/19 MP: 6/9
   730 | D:1      | Learned a level 3 spell: Conjure Flame
  1558 | D:2      | Reached XP level 4. HP: 24/24 MP: 8/11
  1564 | D:2      | Learned a level 4 spell: Sticky Flame
  2244 | D:3      | Reached skill level 4 in Conjurations
  2447 | D:3      | Reached XP level 5. HP: 28/28 MP: 9/13
  3010 | D:3      | Noticed Ijyb
  3200 | D:4      | Reached XP level 6. HP: 29/32 MP: 9/15
  3208 | D:4      | Reached skill level 5 in Spellcasting
  3245 | D:4      | Learned a level 5 spell: Fireball
  3269 | D:4      | Noticed a slave
  3269 | D:4      | Noticed a slave
  3269 | D:4      | Noticed a slave
  3273 | D:4      | Noticed a slave
  3279 | D:4      | Noticed Pikel
  3314 | D:4      | Killed Pikel
  3314 | D:4      | Reached skill level 5 in Conjurations
  3314 | D:4      | Reached skill level 5 in Fire Magic
  3314 | D:4      | Reached XP level 7. HP: 36/36 MP: 8/18
  3510 | D:4      | Found the ring of Phasing {EV+8}
  3596 | D:4      | Reached skill level 6 in Conjurations
  3690 | D:4      | Found a blossoming altar of Fedhas.
  3869 | D:5      | Entered Level 5 of the Dungeon
  3900 | D:5      | Found a bloodstained altar of Trog.
  3902 | D:5      | Found an ancient bone altar of Kikubaaqudgha.
  3902 | D:5      | Found a basalt altar of Yredelemnul.
  4000 | D:5      | Noticed Eustachio
  4048 | D:5      | Killed Eustachio
  4119 | D:5      | Reached XP level 8. HP: 41/41 MP: 14/20
  4138 | D:5      | Noticed Prince Ribbit
  4143 | D:5      | Killed Prince Ribbit
  4197 | D:5      | Found an opulent altar of Gozag.
  4197 | D:5      | Found a glowing silver altar of Zin.
  4272 | D:5      | Noticed Edmund
  4285 | D:5      | Killed Edmund
  4285 | D:5      | Reached skill level 7 in Conjurations
  4562 | D:5      | Found a shadowy altar of Dithmenos.
  4683 | D:6      | Found a staircase to the Ecumenical Temple.
  4698 | Temple   | Entered the Ecumenical Temple
  5238 | D:3      | Killed Ijyb
  5485 | D:6      | Reached XP level 9. HP: 45/45 MP: 19/24
  5499 | D:6      | Found a shimmering altar of Xom.
  5543 | D:6      | Found a snail-covered altar of Cheibriados.
  5577 | D:6      | Found Jinim's Jewellery Boutique.
  5656 | D:6      | Reached skill level 8 in Conjurations
  6468 | D:7      | Reached skill level 10 in Spellcasting
  6724 | D:7      | Reached skill level 9 in Conjurations
  7174 | D:7      | Reached XP level 10. HP: 50/50 MP: 7/26
  7707 | D:8      | Found a radiant altar of Vehumet.
  7707 | D:8      | Found a burning altar of Makhleb.
  7757 | D:8      | Became a worshipper of Vehumet
  8070 | D:8      | Noticed a three-headed hydra
  8070 | D:8      | Reached skill level 10 in Fire Magic
  8081 | D:8      | Killed a three-headed hydra
  8081 | D:8      | Reached skill level 10 in Conjurations
  8336 | D:9      | Noticed Grum
  8377 | D:9      | Killed Grum
  8545 | D:9      | Reached skill level 1 in Evocations
  8610 | D:9      | Reached skill level 1 in Fighting
  8635 | D:9      | Found a staircase to the Lair.
  9095 | D:9      | Reached * piety under Vehumet
  9095 | D:9      | Offered knowledge of Shock by Vehumet.
  9230 | D:9      | Noticed a two-headed ogre
  9238 | D:9      | Killed a two-headed ogre
  9238 | D:9      | Reached XP level 11. HP: 60/60 MP: 11/29
  9351 | D:9      | Found a staircase to the Orcish Mines.
  9515 | D:9      | Noticed a large abomination
  9590 | D:10     | Entered Level 10 of the Dungeon
  9657 | D:9      | Reached skill level 5 in Evocations
  9908 | D:10     | Found Bafac's Book Shop.
 10094 | D:10     | Offered knowledge of Sting by Vehumet.
 10141 | D:10     | Found Quajud's General Store.
 10148 | D:10     | Bought a scroll of noise for 14 gold pieces
 10169 | D:10     | Reached ** piety under Vehumet
 10278 | D:10     | Reached skill level 5 in Fighting
 10374 | D:10     | Found Ostropp's Magic Scroll Emporium.
 10391 | D:10     | Bought a scroll of blinking for 105 gold pieces
 10391 | D:10     | Bought a scroll of identify for 28 gold pieces
 10391 | D:10     | Bought a scroll of identify for 28 gold pieces
 10391 | D:10     | Bought a scroll of teleportation for 42 gold pieces
 10391 | D:10     | Bought a scroll of fog for 28 gold pieces
 10391 | D:10     | Bought a scroll of fear for 49 gold pieces
 10391 | D:10     | Bought a scroll of immolation for 49 gold pieces
 10575 | D:10     | Found Worrom's Food Shoppe.
 10658 | D:10     | Found Rasylara's Assorted Antiques.
 10704 | D:10     | Bought a scroll labeled VEORER LUYN for 23 gold pieces
 10704 | D:10     | Bought 2 smoky silvery potions for 41 gold pieces
 10704 | D:10     | Bought a scroll of identify for 46 gold pieces
 11092 | D:11     | Found a labyrinth entrance.
 11097 | Lab      | Entered a labyrinth
 11153 | Lab      | Found an exit through the horrors of the Abyss.
 11497 | Lab      | Noticed a minotaur
 11502 | Lab      | Killed a minotaur
 11552 | Lab      | Identified Noalulo's Almanac of Lethal Creation
 11553 | Lab      | Found the brooch of Shielding {Reflect SH+8}
 11858 | D:11     | Noticed a green ugly thing
 11858 | D:11     | Noticed Duffy's ghost (journeyman DEFE)
 11866 | D:11     | Killed a green ugly thing
 12012 | D:11     | Offered knowledge of Stone Arrow by Vehumet.
 12017 | D:11     | Learned a level 3 spell: Stone Arrow
 12108 | D:11     | Reached skill level 1 in Earth Magic
 12237 | D:11     | Reached XP level 12. HP: 73/73 MP: 18/30
 12382 | D:11     | Reached *** piety under Vehumet
 12677 | D:11     | Noticed Salmacis's ghost (journeyman HOFi)
 12692 | D:11     | Killed Salmacis's ghost
 12854 | D:11     | Killed Duffy's ghost
 12854 | D:11     | Reached skill level 5 in Dodging
 13304 | Lair:1   | Entered Level 1 of the Lair of Beasts
 13477 | Lair:1   | Reached skill level 11 in Conjurations
 13639 | Lair:1   | Offered knowledge of Dazzling Spray by Vehumet.
 14254 | Lair:1   | Noticed an eight-headed hydra
 14259 | Lair:1   | Killed an eight-headed hydra
 14924 | Lair:1   | Identified the Catalogue of Mutagenic Sinister Secrets
 14939 | Lair:1   | Learned a level 2 spell: Sublimation of Blood
 14960 | Lair:2   | Reached skill level 1 in Necromancy
 14966 | Lair:2   | Noticed a four-headed hydra
 14970 | Lair:2   | Killed a four-headed hydra
 15190 | Lair:2   | Reached **** piety under Vehumet
 15192 | Lair:2   | Reached XP level 13. HP: 78/78 MP: 4/32
 15526 | Lair:2   | Reached skill level 5 in Necromancy
 15655 | Lair:2   | Offered knowledge of Ignite Poison by Vehumet.
 16015 | Lair:2   | Found a hole to the Spider Nest.
 16399 | Lair:2   | Found a staircase to the Shoals.
 16597 | Lair:3   | Reached skill level 12 in Conjurations
 18745 | Lair:5   | Reached skill level 13 in Conjurations
 18941 | Lair:5   | Found a runed door.
 18942 | Lair:5   | Found a viscous altar of Jiyva.
 18942 | Lair:5   | Noticed an acid blob
 18943 | Lair:5   | Noticed an acid blob
 18944 | Lair:5   | Found a staircase to the Slime Pits.
 18961 | Lair:5   | Reached skill level 15 in Spellcasting
 19524 | Lair:6   | Entered Level 6 of the Lair of Beasts
 19629 | Lair:6   | Reached ***** piety under Vehumet
 19629 | Lair:6   | Reached XP level 14. HP: 60/84 MP: 26/35
 20025 | Lair:6   | Offered knowledge of Iskenderun's Battlesphere by Vehumet.
 21310 | Lair:6   | Got a faintly humming leather armour
 21335 | Lair:6   | Identified the +3 leather armour "Biasas Fapp" {rPois rF+ rC+} (You found it on level 6 of the Lair of Beasts)
 21921 | Lair:6   | Found a runed door.
 22422 | Lair:6   | Reached skill level 14 in Conjurations
 22947 | Orc:1    | Entered Level 1 of the Orcish Mines
 23076 | Orc:1    | Found a flagged portal.
 23089 | Orc:1    | Offered knowledge of Lee's Rapid Deconstruction by Vehumet.
 23202 | Bailey   | Entered a bailey
 23709 | Bailey   | Got a translucent crystal plate armour
 23788 | Bailey   | Identified the +3 crystal plate armour "Miceic" {rPois rF- Str+2 SInv} (You found it in a bailey)
 24052 | Orc:2    | Entered Level 2 of the Orcish Mines
 24059 | Orc:2    | Noticed tidbits's ghost (journeyman GnTm)
 24065 | Orc:2    | Killed tidbits's ghost
 24874 | Orc:2    | Found a staircase to the Elven Halls.
 25519 | Orc:2    | Learned a level 2 spell: Blink
 25599 | Orc:2    | Found a roughly hewn altar of Beogh.
 25731 | Orc:2    | Reached skill level 1 in Translocations
 26077 | Orc:2    | Offered knowledge of Bolt of Cold by Vehumet.
 26151 | Orc:2    | Reached XP level 15. HP: 88/88 MP: 21/37
 26275 | Orc:2    | Found Yrghem Fudof's Distillery.
 26275 | Orc:2    | Found Tat Ahor's Book Shoppe.
 26277 | Orc:2    | Found Agethuy's Food Shop.
 26277 | Orc:2    | Found Ysaigyg's Food Shoppe.
 26319 | Orc:2    | Bought a potion of flight for 33 gold pieces
 26319 | Orc:2    | Bought a potion of heal wounds for 55 gold pieces
 26515 | D:10     | Bought a paperback book for 345 gold pieces
 26522 | D:10     | Learned a level 6 spell: Deflect Missiles
 26569 | D:12     | Found a runed door.
 26638 | D:12     | Reached skill level 1 in Charms
 26722 | D:12     | Reached skill level 1 in Air Magic
 26865 | D:12     | Noticed Vesto's ghost (journeyman GrFi)
 27222 | D:12     | Noticed Erolcha
 27225 | D:12     | Killed Erolcha
 27802 | D:12     | Found a runed door.
 28579 | D:12     | Found the +10 large shield of Ignorance {rN+ Int-4}
 28649 | D:13     | Identified 2 scrolls of acquirement
 29137 | D:13     | Reached skill level 5 in Charms
 29263 | D:13     | Reached skill level 15 in Conjurations
 29651 | D:13     | Found a gate to the Vaults.
 29695 | D:13     | Got a twisted whip {slash}
 29696 | D:13     | Identified the +3 whip of Courage {slash, rF+ Int+3} (You took it off a human on level 13 of the Dungeon)
 30946 | D:14     | Found a large runed door.
 30950 | D:14     | Found a large runed door.
 30954 | D:14     | Found a large runed door.
 30955 | D:14     | Found a large runed door.
 30956 | D:14     | Found a large runed door.
 30956 | D:14     | Found a large runed door.
 30972 | D:14     | Noticed Roxanne
 31096 | D:14     | Reached skill level 5 in Air Magic
 31453 | D:14     | Noticed Urug
 31493 | D:14     | Offered knowledge of Ozocubu's Refrigeration by Vehumet.
 31500 | D:14     | Killed Urug
 31621 | D:14     | Reached skill level 16 in Conjurations
 31904 | D:14     | Found a large runed door.
 31905 | D:14     | Found a large runed door.
 32280 | D:14     | Killed Roxanne
 32606 | D:15     | Entered Level 15 of the Dungeon
 33221 | D:15     | Reached skill level 17 in Conjurations
 33221 | D:15     | Reached XP level 16. HP: 93/93 MP: 28/38
 33314 | D:15     | Found a staircase to the Depths.
 33645 | D:15     | Reached skill level 1 in Shields
 34437 | D:6      | Bought the amulet of the Four Winds {rN+ MR+++ Clar} for 526 gold pieces
 34437 | D:6      | Found the amulet of the Four Winds {rN+ MR+++ Clar}
 34549 | Elf:1    | Entered Level 1 of the Elven Halls
 34844 | Orc:2    | Learned a level 6 spell: Iron Shot
 35004 | Elf:1    | Identified the +0 pair of boots of the Eagle {rF+ SInv} (You found it on level 1 of the Elven Halls)
 35059 | Elf:1    | Offered knowledge of Orb of Destruction by Vehumet.
 35077 | Elf:1    | Reached skill level 15 in Fire Magic
 35282 | Elf:1    | Identified the Handbook of Necromancy
 35553 | Elf:1    | Found Tyextei's Assorted Antiques.
 36799 | Elf:2    | Reached skill level 18 in Conjurations
 37189 | Elf:2    | Found a large runed door.
 37189 | Elf:2    | Found a large runed door.
 37231 | Elf:2    | Found a large runed door.
 37231 | Elf:2    | Found a large runed door.
 37690 | Elf:2    | Noticed Jorgrun
 37695 | Elf:2    | Killed Jorgrun
 37695 | Elf:2    | Offered knowledge of Poison Arrow by Vehumet.
 37902 | Elf:3    | Entered Level 3 of the Elven Halls
 38032 | Elf:3    | Reached XP level 17. HP: 97/97 MP: 38/40
 38537 | Elf:3    | Noticed Asterion
 38539 | Elf:3    | Killed Asterion
 38593 | Elf:3    | Found an ancient bone altar of Kikubaaqudgha.
 39195 | Elf:3    | Noticed a deep elf blademaster
 39203 | Elf:3    | Killed a deep elf blademaster
 39495 | Elf:3    | Noticed a deep elf master archer
 39502 | Elf:3    | Killed a deep elf master archer
 39502 | Elf:3    | Reached skill level 19 in Conjurations
 39658 | Elf:3    | Got a heavily runed marble ring
 39661 | Elf:3    | Noticed a deep elf blademaster
 39827 | Elf:3    | Noticed a deep elf master archer
 39828 | Elf:3    | Killed a deep elf master archer
 39884 | Elf:3    | Got a scorched rapier {protect}
 39885 | Elf:3    | Identified the +2 rapier of Cowardice {protect, rPois rF+ MR+} (You took it off a deep elf high priest on level 3 of the Elven Halls)
 40010 | Elf:3    | Noticed a deep elf blademaster
 40013 | Elf:3    | Killed a deep elf blademaster
 40016 | Elf:3    | Killed a deep elf blademaster
 40538 | Elf:3    | Noticed a deep elf blademaster
 40542 | Elf:3    | Killed a deep elf blademaster
 40836 | Elf:3    | Found the +1 cloak of Starlight {rElec rC+ EV+4 Stlth--}
 40871 | Elf:3    | Learned a level 6 spell: Bolt of Fire
 40942 | Elf:3    | Got a pair of scorched boots
 40984 | Elf:3    | Identified the ring of Toty {+Fly rElec} (You took it off a deep elf demonologist on level 3 of the Elven Halls)
 40997 | Elf:3    | Identified the +3 pair of boots of Knowledge {rF+ rN+ MR+} (You found it on level 3 of the Elven Halls)
 41073 | Elf:3    | Learned a level 8 spell: Ignition
 41345 | Spider:1 | Entered Level 1 of the Spider Nest
 41348 | Spider:1 | Noticed Kirke
 41348 | Spider:1 | Reached XP level 18. HP: 103/103 MP: 43/43
 41349 | Spider:1 | Reached skill level 20 in Conjurations
 41351 | Spider:1 | Killed Kirke
 41351 | Spider:1 | Offered knowledge of Spellforged Servitor by Vehumet.
 41722 | D:6      | Bought an uncursed ring of resist corrosion for 240 gold pieces
 41947 | Lair:5   | Reached ****** piety under Vehumet
 42078 | Slime:1  | Entered Level 1 of the Pits of Slime
 42394 | Slime:3  | Offered knowledge of Lehudib's Crystal Spear by Vehumet.
 42394 | Slime:3  | Offered knowledge of Fire Storm by Vehumet.
 42394 | Slime:3  | Offered knowledge of Glaciate by Vehumet.
 42456 | Lair:5   | Learned a level 9 spell: Fire Storm
 42465 | Lair:5   | Learned a level 8 spell: Lehudib's Crystal Spear
 42714 | Slime:5  | Entered Level 5 of the Pits of Slime
 42782 | Slime:5  | Noticed the Royal Jelly
 42788 | Slime:5  | Killed the Royal Jelly
 42936 | Slime:4  | Reached skill level 21 in Conjurations
 42984 | Slime:5  | HP: 4/103 [acid (5)]
 43527 | Slime:5  | Reached XP level 19. HP: 107/107 MP: 33/45
 43610 | Slime:5  | Paralysed by a floating eye for 4 turns
 43776 | Slime:5  | Got a fine jade ring
 43778 | Slime:5  | Got a slimy rune of Zot
 43831 | Slime:5  | Identified the Almanac of Calling and Black Magic
 43841 | Slime:5  | Got a flickering copper amulet
 44617 | Slime:5  | Identified the amulet of Nobility {Faith rC++ MR- Str+2} (You found it on level 5 of the Pits of Slime)
 44621 | Slime:5  | Identified the ring "Tovool" {Fire Slay+5} (You found it on level 5 of the Pits of Slime)
 44942 | D:12     | Killed Vesto's ghost
 45305 | Vaults:1 | Entered Level 1 of the Vaults
 45318 | Vaults:1 | Quit the game

Vault maps used:
D:1:      lemuel_arrival_room, st_stairs_8, minivault_11, minmay_heptomino_h4
D:3:      kennysheep_the_goblin_king
D:4:      kennysheep_little_box, kennysheep_potato, uniq_pikel
D:5:      minmay_opposing_rooms, grunt_temple_overflow_gold_and_silver,
          grunt_temple_overflow_open, first_ration,
          nicolae_dithmenos_through_a_glass_darkly, uniq_prince_ribbit1,
          uniq_eustachio, uniq_edmund
D:6:      marbit_many_paths, xom_confusion_cloud, minmay_temple_entry_grid,
          serial_shops, shop
D:7:      serial_park_tiny_pond, st_stairs_9
D:8:      grunt_temple_overflow_lords_of_destruction, nicolae_benzene_ring,
          hangedman_ranch
D:9:      due_lair_maze_entry_diamond, laboratory, uniq_grum
D:10:     serial_shops, shop, shop, shop, nicolae_shop_statue_plus, shop
D:11:     lab_entry_generic
D:12:     serial_column_ruins, column_ruins_square_small,
          column_ruins_open_tiny, column_ruins_grid_1,
          column_ruins_columns_straight, column_ruins_columns_straight,
          column_ruins_open_tiny, chequers_guarded_unrand_ignorance,
          uniq_erolcha
D:13:     grunt_vaults_entry_tiered
D:14:     minmay_five_octagons, serial_bayou_pond_b, uniq_roxanne, uniq_urug
D:15:     hangedman_depths_entry_civil_slaughter,
          hangedman_abyss_or_decor_clamps
Temple:   minmay_temple_bridge_abc
Lair:1:   infiniplex_staircase_pool, lemuel_fruit_tree,
          minmay_lair_oklob_chamber
Lair:2:   minmay_shoals_entry_lonely_mermaid, dummy_spider_entry,
          grunt_megastairs_4
Lair:3:   special_room
Lair:5:   slime_altar_2
Lair:6:   hangedman_lair_tendril_chambers, wormcave, st_stairs_8
Spider:1: uniq_kirke
Orc:1:    enter_bailey_3
Orc:2:    grunt_orc_tribal_feast, basic_altar, guppyfry_library_mini
Elf:1:    elf_arrival_001, serial_shops, shop_statue, minmay_elf_necromancy
Elf:2:    grunt_ministairs_2, uniq_jorgrun
Elf:3:    minmay_elf_hall_not_hex, basic_altar, uniq_asterion
Vaults:1: hangedman_vaults_stagger, vaults_standard_mumra_enter_the_diamond,
          hangedman_vaults_slice, nicolae_vaults_gold_heap,
          nicolae_vaults_network_star, vaults_dpeg_encased_lava,
          nicolae_vaults_theta, vaults_room_grunt_arrival_ludios,
          vaults_room_pools, vaults_room_semicircle, vaults_dpeg_ring,
          nicolae_vaults_mini_display_case, uniq_saint_roka
Lab:      labyrinth_hidden_loot, nicolae_lab_arrow, nicolae_lab_hexagon,
          nicolae_lab_grate_2, labyrinth_fake_exit, nicolae_lab_garden,
          nicolae_lab_lava, lab_fountain, lab_block
Bailey:   bailey_polearm_1, bailey

Skill      XL: |  1  2  3  4  5  6  7  8  9 10 11 12 13 14 15 16 17 18 19 |
---------------+----------------------------------------------------------+-----
Conjurations   | 2 3 4 5 6 7 9 10 11 13 14 17 18 19 21 | 21.3
Spellcasting   | 4 6 7 9 10 12 13 15 16 17 19 20 | 20.6
Fire Magic     | 4 5 6 7 9 10 11 13 14 15 16 17 18 | 18.2
Evocations     | 4 6 |  6.0
Fighting       | 3 8 |  8.0
Earth Magic    | 2 3 |  3.2
Dodging        | 6 |  6.0
Necromancy     | 3 5 |  5.2
Translocations | 1 2 |  2.0
Charms         | 7 |  7.0
Air Magic      | 5 |  5.0
Shields        | 4 |  4.0
Stealth        | |  2.4

Action                   |  1- 3 |  4- 6 |  7- 9 | 10-12 | 13-15 | 16-18 | 19-21 || total
-------------------------+-------+-------+-------+-------+-------+-------+-------++-------
Melee: Staff             |       |       |       |       |     7 |       |       ||     7
       Whip              |       |       |       |       |       |     1 |       ||     1
       Rapier            |       |       |       |       |       |     1 |     9 ||    10
 Cast: Flame Tongue      |    73 |    88 |   169 |    51 |       |       |       ||   381
       Throw Flame       |       |     9 |    42 |   218 |     4 |       |       ||   273
       Sticky Flame      |       |     4 |    21 |    36 |    27 |     2 |       ||    90
       Conjure Flame     |       |     3 |    12 |    10 |       |       |       ||    25
       Fireball          |       |       |    11 |   117 |   397 |   219 |       ||   744
       Stone Arrow       |       |       |       |    43 |   417 |    16 |       ||   476
       Blink             |       |       |       |       |     2 |     1 |       ||     3
       Deflect Missiles  |       |       |       |       |     1 |       |     1 ||     2
       Iron Shot         |       |       |       |       |       |    95 |    18 ||   113
       Ignition          |       |       |       |       |       |    53 |     3 ||    56
       Bolt of Fire      |       |       |       |       |       |    35 |    35 ||    70
Evoke: Wand              |       |       |    16 |    17 |    27 |       |       ||    60
  Use: Scroll            |       |       |       |    10 |    10 |    20 |       ||    40
       Potion            |       |       |       |     1 |       |     5 |       ||     6
  Eat: Chunk             |     2 |     6 |    14 |    22 |    34 |     4 |       ||    82
       Ration            |       |       |       |     4 |     7 |    13 |     3 ||    27
Armor: Robe              |    18 |     1 |       |       |    10 |    14 |     1 ||    44
       Leather armour    |       |       |     8 |    20 |    18 |       |       ||    46
Dodge: Dodged            |    32 |    13 |    40 |    82 |   197 |    64 |    14 ||   442
       Deflected         |       |       |       |       |     6 |     8 |       ||    14
Block: Other             |       |       |       |    21 |    98 |       |       ||   119
       Reflection        |       |       |       |       |    17 |     1 |       ||    18
       Buckler           |       |       |       |       |       |    35 |     2 ||    37

Table legend:
 A = Spawn XP
 B = Non-spawn XP
 C = Spawn XP percentage of total XP
 D = Spawn monster count
 E = Non-spawn monster count
 F = Spawn count percentage of total count
 G = Total turns spent on level
                    A         B        C        D         E        F      G
               +---------+---------+-------+---------+---------+-------+---------
         Total |       0 |  400557 |   0.0 |       0 |    1136 |   0.0 | 45318
               +---------+---------+-------+---------+---------+-------+---------
           D:1 |       0 |      51 |   0.0 |       0 |      30 |   0.0 |  1057
           D:2 |       0 |      67 |   0.0 |       0 |      21 |   0.0 |  1117
           D:3 |       0 |     273 |   0.0 |       0 |      35 |   0.0 |  1249
           D:4 |       0 |     815 |   0.0 |       0 |      13 |   0.0 |   887
           D:5 |       0 |    1403 |   0.0 |       0 |      29 |   0.0 |   830
           D:6 |       0 |     433 |   0.0 |       0 |      19 |   0.0 |   901
           D:7 |       0 |    1792 |   0.0 |       0 |      38 |   0.0 |  1044
           D:8 |       0 |    3009 |   0.0 |       0 |      21 |   0.0 |  1084
           D:9 |       0 |    7642 |   0.0 |       0 |      49 |   0.0 |  2318
          D:10 |       0 |    3056 |   0.0 |       0 |      36 |   0.0 |  1216
          D:11 |       0 |    6118 |   0.0 |       0 |      33 |   0.0 |  2232
          D:12 |       0 |   11156 |   0.0 |       0 |      39 |   0.0 |  1858
          D:13 |       0 |   11275 |   0.0 |       0 |      49 |   0.0 |  1949
          D:14 |       0 |   24065 |   0.0 |       0 |      60 |   0.0 |  2433
          D:15 |       0 |   14214 |   0.0 |       0 |      29 |   0.0 |  1305
        Lair:1 |       0 |    9580 |   0.0 |       0 |      36 |   0.0 |  1689
        Lair:2 |       0 |    7397 |   0.0 |       0 |      24 |   0.0 |  1882
        Lair:3 |       0 |    8015 |   0.0 |       0 |      22 |   0.0 |   949
        Lair:4 |       0 |    6999 |   0.0 |       0 |      19 |   0.0 |   983
        Lair:5 |       0 |   10457 |   0.0 |       0 |      27 |   0.0 |  2156
        Lair:6 |       0 |   23407 |   0.0 |       0 |      76 |   0.0 |  2674
      Spider:1 |       0 |   20302 |   0.0 |       0 |      61 |   0.0 |    67
       Slime:2 |       0 |   12560 |   0.0 |       0 |      18 |   0.0 |   215
       Slime:3 |       0 |    6559 |   0.0 |       0 |      12 |   0.0 |   235
       Slime:4 |       0 |    7240 |   0.0 |       0 |      16 |   0.0 |   788
       Slime:5 |       0 |   58277 |   0.0 |       0 |      51 |   0.0 |  1188
         Orc:1 |       0 |    4271 |   0.0 |       0 |      36 |   0.0 |  1291
         Orc:2 |       0 |   12245 |   0.0 |       0 |      76 |   0.0 |  1787
         Elf:1 |       0 |   16998 |   0.0 |       0 |      30 |   0.0 |  1608
         Elf:2 |       0 |   34554 |   0.0 |       0 |      47 |   0.0 |  2133
         Elf:3 |       0 |   72756 |   0.0 |       0 |      63 |   0.0 |  2816
           Lab |       0 |    1891 |   0.0 |       0 |       4 |   0.0 |   490
        Bailey |       0 |    1680 |   0.0 |       0 |      17 |   0.0 |   600
               +---------+---------+-------+---------+---------+-------+---------
